Map: Blackburn LE

Players

Tachyon

  • Race: Zerg Zerg
  • League: Master
  • Spawn Location: 7:00

llllllllllll - Winner!

  • Race: Protoss Protoss
  • League: Diamond
  • Spawn Location: 5:00

VOD

Have the link to the VOD?

Description

Time

  • Played on: March 11, 2022, 11:34 a.m.
  • Length: 7:08
Show
View Real Time Build Order
Export as new Build Order

Tachyon Zerg 

Build Orders: Hatch First, Ravager All-In 

Get SALT Encoding   

  12  0:01  Drone  
  13  0:12  Overlord  
  13  0:18  Drone  
  14  0:30  Drone x2  
  16  0:50  Hatchery  
  16  0:54  Drone  
  16  0:57  Drone  
  17  1:00  Drone  
  18  1:12  Extractor  
  18  1:17  Spawning Pool  
  16  1:22  Drone  
  16  1:23  Drone  
  18  1:28  Drone  
  19  1:38  Extractor  
  19  1:39  Drone  
  20  1:49  Hatchery  
  19  1:57  Drone  
  20  2:04  Roach Warren  
  20  2:05  Queen  
  20  2:07  Overlord  
  21  2:17  Overlord  
  21  2:23  Drone  
  22  2:45  Roach  
  22  2:46  Roach  
  26  2:54  Roach  
  26  2:57  Queen  
  30  3:00  Queen  
  32  3:06  Roach  
  32  3:07  Ravager  
  32  3:09  Ravager  
  36  3:15  Ravager  
  37  3:25  Roach  
  39  3:27  Ravager  
  39  3:34  Roach  
  39  3:38  Spine Crawler  
  39  3:41  Drone x2  
  40  3:48  Roach  
  42  3:54  Ravager  
  42  3:55  Ravager  
  44  3:59  Overlord  
  44  4:06  Overlord  
  42  4:28  Queen  
  43  4:31  Roach x3  
  44  4:51  Roach  
  40  4:53  Ravager x3  
  40  4:55  Drone x4  
  40  4:57  Extractor  
  46  5:10  Roach  
  46  5:11  Roach  
  45  5:18  Roach  
  45  5:20  Ravager  
  45  5:26  Roach  
  44  5:32  Ravager  
  30  6:04  Roach  
  28  6:06  Ravager  
  25  6:25  Roach x2  
  21  6:26  Roach Warren  
  18  6:36  Roach  
  18  6:42  Drone  
  19  6:48  Ravager  
  19  6:51  Ravager  
  21  7:04  Extractor  
Show
View Real Time Build Order
Export as new Build Order

llllllllllll Protoss - Winner!

Build Orders:  

Get SALT Encoding   

  12  0:00  Probe  
  13  0:12  Probe  
  14  0:17  Pylon  
  14  0:24  Probe  
  15  0:36  Forge  
  15  0:38  Probe  
  16  0:57  Pylon  
  16  1:13  Pylon  
  16  1:14  Pylon  
  16  1:17  Photon Cannon  
  16  1:31  Gateway  
  16  1:33  Gateway  
  16  1:37  Photon Cannon  
  16  1:39  Assimilator  
  16  1:45  Probe  
  17  1:57  Probe  
  18  2:02  Assimilator  
  18  2:09  Probe  
  18  2:18  Cybernetics Core  
  18  2:22  Probe  
  19  2:34  Probe  
  21  2:53  Stalker x2 (Chrono Boost)  
  21  2:55  Shield Battery  
  21  2:58  Shield Battery  
  24  3:01  Shield Battery  
  24  3:16  Stalker (Chrono Boost)  
  26  3:29  Pylon  
  26  3:37  Stalker (Chrono Boost)  
  28  3:43  Stalker (Chrono Boost)  
  30  4:00  Stalker  
  32  4:05  Shield Battery  
  32  4:06  Stalker  
  34  4:25  Shield Battery  
  34  4:35  Shield Battery  
  34  4:51  Shield Battery x2  
  34  4:54  Stalker x2  
  34  4:56  Shield Battery  
  36  5:28  Shield Battery  
  36  5:31  Shield Battery  
  36  5:39  Shield Battery  
  34  5:49  Stalker (Chrono Boost)  
  50  5:50  Stalker (Chrono Boost)  
  33  6:16  Stalker x2 (Chrono Boost)  
  37  6:31  Pylon  
  37  6:39  Photon Cannon, Stalker (Chrono Boost)  
Tags
 
Add a new tag
Caveats
  • Supply blocks, unpowered buildings, or Contaminate may cause inaccurate times.
  • Supply counts are checked every 10 seconds.